 Dungeon Crawl Stone Soup version 0.17-a0-1769-g54adf96 (webtiles) character file.

161 wvc the Covered (level 5, 11/38 HPs)
             Began as a Human Wanderer on Sept 7, 2015.
             Was a Follower of Ashenzari.
             Quit the game on level 3 of the Dungeon.
             The game lasted 00:06:38 (3535 turns).

wvc the Covered (Human Wanderer)                    Turns: 3535, Time: 00:06:38

Health: 11/38      AC:  7    Str: 12    XL:     5   Next: 70%
Magic:  5/5        EV: 12    Int: 15    God:    Ashenzari [*.....]
Gold:   206        SH:  0    Dex: 11    Spells: 0 memorised, 4 levels left

rFire  . . .     SeeInvis .     i - -3 hammer (curse)
rCold  . . .     Clarity  .     n - +1 leather armour {rPois}
rNeg   . . .     SustAt   +     (no shield)
rPois  +         Gourm    +     f - +0 helmet
rElec  .         Spirit   .     g - +0 cloak
rCorr  .         Warding  .     (no gloves)
rMut   .         Stasis   .     (no boots)
MR     .....                    t - amulet of the gourmand
Stlth  +.........               (no ring)
                                m - ring of sustain attributes

@: not resistant to hostile enchantments, very unstealthy
A: no striking features
a: Scrying, Renounce Religion


You were on level 3 of the Dungeon.
You worshipped Ashenzari.
Ashenzari was aware of your devotion.
You were not hungry.

You visited 1 branch of the dungeon, and saw 4 of its levels.

You collected 206 gold pieces.

Inventory:

Hand weapons
 a - a +2 hand crossbow
 e - a +4 long sword
 i - a cursed -3 hammer (weapon)
 u - a +0 flail
 w - a +2 hammer of holy wrath
 y - a cursed -3 hammer
Missiles
 b - 11 bolts
 h - 5 curare-tipped needles
Armour
 f - a +0 helmet (worn)
 g - a +0 cloak (worn)
 n - a +1 leather armour of poison resistance (worn)
Jewellery
 m - a ring of sustain attributes (left hand)
 t - an amulet of the gourmand (around neck)
Scrolls
 j - a scroll of teleportation
Potions
 c - 2 potions of lignification
 d - a potion of cancellation {unknown}
 k - 3 potions of agility {unknown}
 o - 3 potions of curing
 p - a potion of heal wounds
 q - a potion of invisibility {unknown}
Books
 l - a book of the Earth

   Spells                             Type                      Level
   a - Leda's Liquefaction            Hexes/Earth                  4
   b - Bolt of Magma                  Conjuration/Fire/Earth       5
   c - Statue Form                    Transmutation/Earth          6
   d - Iron Shot                      Conjuration/Earth            6
   e - Shatter                        Earth                        9
Comestibles
 r - a bread ration
 s - 2 meat rations


   Skills:
 - Level 2.0 Fighting
 + Level 3.1 Long Blades
 - Level 2.6 Maces & Flails
 - Level 1.0 Crossbows
 - Level 5.0 Armour
 - Level 2.1 Dodging
 - Level 1.0 Stealth
   Level 1.0 Evocations


You had 4 spell levels left.
You didn't know any spells.

Dungeon Overview and Level Annotations

Branches:
Dungeon (4/15)
 Temple: D:4-7

Altars:
Ashenzari
Nemelex Xobeh


Message History

The ooze is heavily wounded.
The ooze barely misses you.
You hit the ooze.
You kill the ooze!
The centaur shoots an arrow.
The arrow hits you.
* * * LOW HITPOINT WARNING * * *
The centaur shoots an arrow.
The arrow hits you but does no damage.
You are too injured to fight recklessly!
You are too injured to fight recklessly!
The centaur shoots an arrow.
The arrow hits you.
* * * LOW HITPOINT WARNING * * *
You climb upwards.
There is a stone staircase leading down here.
You start resting.
A bat is nearby!
You are too injured to fight recklessly!
You are too injured to fight recklessly!
You are too injured to fight recklessly!
You are too injured to fight recklessly!
Are you sure you want to abandon this character and quit the game? (Confirm with "yes".)

.....# #...##.#
#..... .....#
##b.##.# ######
.....# ##.##.# #
.....# #.##.# #
[..### #..#.# #
...# ##.#.# # ...#
#...########## #
...#
##..#........# #
...# #.@#........#
### ...#
##.#........# #..
...# #.#........#
#.# ...#
#.#........# #.#
####
#.'........#####.#
###..............#
#........####..#
#........#.##..#
#........#.....#


You could see a bat.

Vanquished Creatures
  Crazy Yiuf (D:2)
  6 adders
  2 oozes
  A worm (D:3)
  4 giant geckos
  An orc (D:3)
  4 giant cockroaches
  8 hobgoblins
  2 jackals (D:2)
  5 kobolds
  A quokka (D:3)
  2 ball pythons
  11 bats
  A giant newt (D:1)
  6 goblins
  8 rats
63 creatures vanquished.

Notes
Turn   | Place    | Note
--------------------------------------------------------------
     0 | D:1      | wvc the Human Wanderer began the quest for the Orb.
     0 | D:1      | wvc set off with: a +2 hand crossbow, 26 bolts, a potion of lignification, a +0 ring mail, a bread ration
     0 | D:1      | Reached XP level 1. HP: 16/16 MP: 1/1
    49 | D:1      | Reached skill level 1 in Dodging
    50 | D:1      | Reached XP level 2. HP: 22/22 MP: 2/2
   350 | D:1      | Found a sparkling altar of Nemelex Xobeh.
   565 | D:1      | Reached XP level 3. HP: 27/27 MP: 3/3
   650 | D:1      | Reached skill level 1 in Maces & Flails
  1167 | D:2      | Reached XP level 4. HP: 33/33 MP: 4/4
  1772 | D:2      | Noticed Crazy Yiuf
  1782 | D:2      | Killed Crazy Yiuf
  1782 | D:2      | Reached skill level 1 in Long Blades
  1782 | D:2      | Reached XP level 5. HP: 19/38 MP: 5/5
  1910 | D:3      | Found a shattered altar of Ashenzari.
  2528 | D:3      | Found a faded altar to an unknown god.
  2559 | D:3      | HP: 1/38 [worm (7)]
  2569 | D:3      | Became a worshipper of Ashenzari the Shackled
  2569 | D:3      | Acquired Ashenzari's first power
  3465 | D:4      | Noticed a centaur
  3535 | D:3      | Quit the game

Vault maps used:
D:1:      lightli_arrival_boilingwater, nemelex_diamond_rough_becter
D:2:      uniq_crazy_yiuf_cottage
D:3:      ashenzari_altar_1, ecumenical_altar_1, minmay_hedge_maze
D:4:      kennysheep_little_box, serial_shops, shop, first_bread, st_stairs_13

Action                   |  1- 3 |  4- 6 || total
-------------------------+-------+-------++-------
Melee: Long sword        |       |    14 ||    14
       Club              |       |    12 ||    12
       Flail             |       |     8 ||     8
       Hammer            |       |   176 ||   176
 Fire: Hand crossbow     |    93 |    14 ||   107
  Use: Scroll            |       |     9 ||     9
 Stab: Invisible         |       |     1 ||     1
  Eat: Bread ration      |     1 |       ||     1
       Chunk             |       |     5 ||     5
       Meat ration       |       |     1 ||     1
